 Dungeon Crawl Stone Soup version 0.30.1-9-gdf580d7c3d (webtiles) character file.

Game seed: 17778821683081199320

1628 safid the Frost Mage (level 8, 0/65 HPs)
             Began as a Merfolk Ice Elementalist on Oct 3, 2023.
             Slain by a hornet (11 damage)
             ... on level 6 of the Dungeon.
             The game lasted 00:09:37 (4767 turns).

safid the Frost Mage (Merfolk Ice Elementalist)     Turns: 4767, Time: 00:09:38

Health: 0/65       AC: 12    Str:  8    XL:     8   Next: 97%
Magic:  12/17      EV: 12    Int: 16    God:
Gold:   286        SH:  0    Dex: 15    Spells: 12/19 levels left

rFire   . . .        c - +2 sling (heavy)
rCold   . . .        (no shield)
rNeg    + + .        A - +1 robe {rN+}
rPois   .            t - +0 helmet
rElec   .            (no cloak)
rCorr   .            (no gloves)
SInv    .            q - +0 pair of boots
Will    .....        (no amulet)
Stlth   ++           x - ring of positive energy
HPRegen 0.30/turn    (no ring)
MPRegen 0.15/turn

%: no passive effects
@: lethally poisoned (0 -> -11), ice-armoured, slowed, very slow
A: (nimble swimmer 2), mertail
a: no special abilities


You were on level 6 of the Dungeon.
You visited 2 branches of the dungeon, and saw 7 of its levels.

You collected 286 gold pieces.

Inventory:

Hand Weapons
 c - a +2 heavy sling (weapon)
 l - a +4 short sword
Missiles
 B - 2 throwing nets
Armour
 q - a +0 pair of boots (worn)
 t - a +0 helmet (worn)
 A - a +1 robe of positive energy (worn)
Jewellery
 x - a ring of positive energy (left hand)
Wands
 a - a wand of flame (16)
 w - a wand of quicksilver (9)
Scrolls
 i - a scroll of fear {unknown}
 m - 3 scrolls of magic mapping
 n - 7 scrolls of teleportation
 o - a scroll of noise {unknown}
 r - a scroll of immolation {unknown}
 s - a scroll of blinking {unknown}
 v - a scroll of poison {unknown}
 y - a scroll of enchant weapon {unknown}
Potions
 b - a potion of magic
 d - 2 potions of lignification
 e - a potion of resistance {unknown}
 f - a potion of invisibility {unknown}
 g - 3 potions of curing
 j - a potion of haste {unknown}
 k - a potion of flight {unknown}
 p - a potion of berserk rage {unknown}
 u - a potion of degeneration {unknown}
 z - 2 potions of cancellation


   Skills:
 + Level 6.7 Fighting
 - Level 2.6 Dodging
 - Level 2.1 Stealth
 + Level 6.1 Spellcasting
 + Level 8.2 Ice Magic


You had 12 spell levels left.
You knew the following spells:

 Your Spells              Type           Power      Damage    Failure   Level
a - Freeze                Ice            100%       1d10      1%          1
b - Frozen Ramparts       Ice            62%        1d10      1%          3
c - Ozocubu's Armour      Ice            31%        N/A       1%          3

Your spell library contained the following spells:

 Spells                   Type           Power      Damage    Failure   Level
 Beastly Appendage        Tmut           8%         N/A       14%         1
 Sandblast                Erth           8%         2d5       14%         1
 Shock                    Conj/Air       16%        1d4       14%         1
 Passwall                 Tmut/Erth      3%         N/A       21%         2
 Wereblood                Tmut           4%         N/A       21%         2
 Summon Ice Beast         Ice/Summ       18%        N/A       24%         4
 Ignite Poison            Fire/Tmut/Pois 4%         N/A       38%         3
 Inner Flame              Hex/Fire       4%         N/A       38%         3
 Spider Form              Tmut/Pois      4%         N/A       38%         3
 Stone Arrow              Conj/Erth      8%         3d7       38%         3
 Swiftness                Air            4%         N/A       38%         3
 Airstrike                Air            2%         2d(1-17)  80%         4
 Sticky Flame             Conj/Fire      4%         2d3       80%         4
 Yara's Violent Unravell  Hex/Tmut       2%         3d3       98%         5
 Enfeeble                 Hex            2%         N/A       100%        7
 Ignition                 Fire           2%         3d3       100%        8


Dungeon Overview and Level Annotations

Branches:
Dungeon (6/15)             Temple (1/1) D:4

Altars:
Ashenzari
Cheibriados
Elyvilon
Hepliaklqana
Kikubaaqudgha
Makhleb
Nemelex Xobeh
Okawaru
Qazlal
Ru
Sif Muna
Uskayaw
Xom
Yredelemnul
Zin
The Shining One

Shops:
D:5 :

Annotations:
D:4 Eustachio
D:5 1 runed translucent door, kamileon1's ghost, amateur OgGl


Innate Abilities, Weirdness & Mutations

((You are very nimble when in or above water. (Stealth+, EV+, Speed+++)))
Your lower body shifts to a powerful aquatic tail in water.


Message History

You shoot a sling bullet. The sling bullet hits the hornet.
The hornet is severely wounded.
The frozen ramparts melt away.
The hornet stings you but does no damage.
The hornet closely misses you. The hornet barely misses you.
The hornet stings you but does no damage. x2
You shoot a sling bullet. The sling bullet hits the hornet!
The hornet is almost dead.
You feel yourself speed up.
The hornet stings you but does no damage. x3
The hornet stings you.
You are poisoned.
You feel yourself slow down.
The hornet stings you but does no damage.
You shoot a sling bullet. The sling bullet misses the hornet.
You feel yourself speed up.
You feel very sick. The hornet stings you!
You are more poisoned.
You feel yourself slow down. The hornet stings you.
You feel as though you will be slow longer.
The hornet stings you.
You feel as though you will be slow longer.
The hornet stings you!
* * * LOW HITPOINT WARNING * * *
You feel as though you will be slow longer.
Casting: Ozocubu's Armour (safe; 1% risk of failure)
Confirm with . or Enter, or press ? or * to list all spells.
Aiming: Freeze (safe; 1% risk of failure)
Press: ? - help, Shift-Dir - straight line, f/p - hornet
Aim: a hornet (almost dead)
You freeze the hornet.
The hornet is almost dead.
* * * LOW HITPOINT WARNING * * *
You feel very sick. The hornet stings you.
* * * LOW HITPOINT WARNING * * *
You feel as though you will be slow longer.
The hornet completely misses you. The hornet stings you!
You die...

..........
...................#
...######.
..######.####.......#
...# # . #.# ##.......#
##### .. .#.
#.###........# ......
........###...#........#
#..... ....
#.....#.#........# ####
...). #####...#........#
......#######.....######
#.y@..........#
#########.....# #.....#
#######


You could see a hornet.

Vanquished Creatures
  A wyvern (D:6)
  A water moccasin (D:6)
  3 ogres
  A phantom (D:6)
  A kobold brigand (D:4)
  Blork the orc (D:6)
  A bullfrog (D:6)
  A scorpion (D:4)
  4 wights (D:6)
  A howler monkey (D:5)
  2 orc priests (D:5)
  3 hounds
  A gnoll bouda (D:6)
  Natasha (thrice) (D:4)
  2 orc wizards (D:4)
  9 gnolls
  5 adders
  An ufetubus (D:5)
  2 worms (D:2)
  5 dart slugs
  8 orcs
  3 bats (D:2)
  8 endoplasms
  4 giant cockroaches
  4 goblins
  6 hobgoblins
  8 jackals
  4 quokkas
  4 ball pythons
  A frilled lizard (D:2)
  4 kobolds
  7 rats
109 creatures vanquished.

Notes
Turn   | Place    | Note
-------+----------+-------------------------------------------
     0 | D:1      | safid the Merfolk Ice Elementalist began the quest for the
                  | Orb.
     0 | D:1      | Reached XP level 1. HP: 13/13 MP: 3/3
   250 | D:1      | Reached XP level 2. HP: 20/20 MP: 5/5
   273 | D:1      | Reached skill level 1 in Fighting
   687 | D:2      | Reached XP level 3. HP: 20/26 MP: 6/6
   691 | D:2      | Learned a level 3 spell: Frozen Ramparts
   966 | D:2      | Reached skill level 5 in Ice Magic
   993 | D:2      | Reached XP level 4. HP: 33/33 MP: 8/8
  1265 | D:2      | Learned a level 3 spell: Ozocubu's Armour
  1453 | D:3      | Reached XP level 5. HP: 39/39 MP: 9/9
  1532 | D:3      | Found a snail-covered altar of Cheibriados.
  1932 | D:4      | Reached XP level 6. HP: 46/47 MP: 0/11
  2055 | D:4      | Found a sacrificial altar of Ru.
  2071 | D:4      | Noticed Eustachio
  2183 | D:4      | Found a staircase to the Ecumenical Temple.
  2199 | D:4      | Noticed Natasha
  2203 | D:4      | Killed Natasha
  2204 | D:4      | Reached skill level 6 in Ice Magic
  2238 | D:4      | Noticed Natasha
  2244 | D:4      | Killed Natasha
  2452 | D:4      | Noticed Natasha
  2454 | D:4      | Killed Natasha
  2565 | D:4      | Found a shimmering blue altar of Sif Muna.
  2647 | D:5      | Entered Level 5 of the Dungeon
  2723 | D:5      | Reached XP level 7. HP: 12/54 MP: 2/13
  3014 | D:5      | Found Gymoem's Self-Improvement Boutique.
  3081 | D:5      | Noticed kamileon1's ghost (amateur OgGl)
  3086 | D:5      | Found a runed translucent door.
  3466 | Temple   | Entered the Ecumenical Temple
  3785 | D:6      | Reached skill level 5 in Fighting
  3788 | D:6      | Reached skill level 5 in Spellcasting
  3788 | D:6      | Reached skill level 7 in Ice Magic
  3788 | D:6      | Reached XP level 8. HP: 16/62 MP: 6/15
  4400 | D:6      | Noticed Blork the orc
  4411 | D:6      | Killed Blork the orc
  4566 | D:6      | Noticed a wyvern
  4572 | D:6      | Killed a wyvern
  4573 | D:6      | Reached skill level 8 in Ice Magic
  4758 | D:6      | Noticed a hornet
  4767 | D:6      | Slain by a hornet

Illustrated notes

Levels and vault maps discovered:
D:1:      lemuel_arrival_hallway, layout_loops_ring, minmay_heptomino_o4
D:2:      layout_rooms, ebering_dispersal_statue_hall, serial_park_tiny_2,
          kennysheep_boxes
D:3:      layout_basic, mainiacjoe_overflow_small_starburst
D:4:      layout_cave_pools, nicolae_ru_awakened_eye,
          nicolae_sif_muna_little_library, minmay_temple_entry_from_below_b,
          chequers_serial_rivers_marsh, uniq_natasha, uniq_eustachio
D:5:      layout_basic, hellmonk_ghost_happy_afterlife, nicolae_shop_self_help
D:6:      layout_rooms, uniq_blork_the_orc
Temple:   hellmonk_temple_forest_ring

Skill      XL: |  1  2  3  4  5  6  7  8 |
---------------+-------------------------+-----
Fighting       | 1 2 3 4 5 6 |  6.7
Ice Magic      | 5 6 7 8 |  8.2
Spellcasting   | 3 4 5 6 |  6.1
Dodging        | |  2.6
Stealth        | |  2.1

Action                     |  1- 3 |  4- 6 |  7- 9 || total
---------------------------+-------+-------+-------++-------
  Melee: Short sword       |       |       |    47 ||    47
         Punch             |       |       |     2 ||     2
   Fire: Sling             |    63 |    99 |    69 ||   231
   Cast: Freeze            |     2 |     9 |     1 ||    12
         Frozen Ramparts   |       |     9 |    16 ||    25
         Ozocubu's Armour  |       |     5 |     9 ||    14
    Use: Potion            |     1 |       |     3 ||     4
         Scroll            |       |       |     6 ||     6
 Armour: Robe              |     5 |    24 |    54 ||    83
  Dodge: Dodged            |    19 |    59 |    95 ||   173
